 Dungeon Crawl Stone Soup version 0.26.0-11-g8f856b5395 (webtiles) character file.

Game seed: 12882139338256762323

72 jiml777 the Gusty (level 4, -4/30 HPs)
             Began as a Demonspawn Air Elementalist on Jan 14, 2021.
             Slain by Sigmund
             ... wielding a +0 scythe
              (8 damage)
             ... on level 2 of the Dungeon.
             The game lasted 00:14:43 (2082 turns).

jiml777 the Gusty (Demonspawn Air Elementalist)     Turns: 2082, Time: 00:14:43

Health: -4/30      AC:  0    Str:  8    XL:     4   Next: 7%
Magic:  8/8        EV: 15    Int: 18    God:
Gold:   71         SH:  0    Dex: 13    Spells: 2/8 levels left

rFire    . . .     SeeInvis .   (weapon currently unavailable)
rCold    . . .     Faith    .   (shield currently unavailable)
rNeg     . . .     Spirit   .   (armour currently unavailable)
rPois    .         Reflect  .   (helmet currently unavailable)
rElec    .         Harm     .   (cloak currently unavailable)
rCorr    .         Rampage  .   (gloves currently unavailable)
Will     .....                  (boots currently unavailable)
Stlth    +.........             (no amulet)
HPRegen  0.10/turn              (ring currently unavailable)
MPRegen  0.11/turn              (ring currently unavailable)

@: confused, pig-form (expiring), very quick
A: small, powered by pain 1
a: no special abilities


You were on level 2 of the Dungeon.
You were a filthy swine.
You visited 1 branch of the dungeon, and saw 2 of its levels.

You collected 71 gold pieces.

Inventory:

Hand Weapons
 j - a +2 dagger of venom (melded)
Missiles
 d - 73 bolts
 e - 4 poisoned darts
 r - 15 arrows
Armour
 a - a +0 robe (melded)
Scrolls
 b - a scroll of teleportation {unknown}
 c - a scroll of immolation {unknown}
 f - 2 scrolls of identify {unknown}
 g - a scroll of amnesia {unknown}
 h - a scroll of magic mapping {unknown}
 m - a scroll of enchant armour {unknown}
 n - a scroll of enchant weapon {unknown}
 q - a scroll of remove curse {unknown}
Potions
 i - 3 potions of might {unknown}
 k - 2 potions of berserk rage {unknown}
 l - a potion of haste
 o - a potion of attraction {unknown}
 p - 2 potions of curing {unknown}
 s - 2 potions of degeneration {unknown}


   Skills:
 + Level 2.2 Dodging
 + Level 2.2 Stealth
 + Level 2.6 Spellcasting
 + Level 1.4 Conjurations
 + Level 3.4 Air Magic


You had 2 spell levels left.
You knew the following spells:

 Your Spells              Type           Power        Failure   Level
a - Shock                 Conj/Air       44%          6%          1
b - Swiftness             Air            14%          6%          2
c - Static Discharge      Conj/Air       11%          19%         3

Your spell library contained the following spells:

 Spells                   Type           Power        Failure   Level
 Airstrike                Air            7%           38%         4
 Lightning Bolt           Conj/Air       5%           86%         5


Dungeon Overview and Level Annotations

Branches:
Dungeon (2/15)

Altars:

Annotations:
D:2 Sigmund


Innate Abilities, Weirdness & Mutations

((You have a pair of small horns on your head.))
You sometimes gain a little power by taking damage.


Message History

* * * LOW HITPOINT WARNING * * *
You hear a zap.
Your transformation is almost over.
You hear a zap.
Your transformation has ended.
Your +2 dagger of venom unmelds from your body.
Your +0 robe unmelds from your body.
Your +2 dagger of venom begins to drip with poison!
You hear a zap.
You turn into a filthy swine.
Your +2 dagger of venom melds into your body.
Your +0 robe melds into your body.
Your +2 dagger of venom stops dripping with poison.
You hear a zap.
Your transformation is almost over.
Something tries to affect you, but you resist.
You are confused.
You bump into the rock wall.
Something hits you!
You die...

..########..#.# #.# #..
.........)..#.# #.# #.#
#..#######)##.#### #.# .#
#..# #.......# #.# #..#
##.#####.# #.# ...# ###..#
#.###.# ..## #....# #{....#
..# #.#..# #.##..# .##
##.#..#####h##..# ##
##...........##..# ..
...........#####..####.#
######........#####........
##.#............######
#.#............#
#.##.########..# #.. ...#
## #.##


There were no monsters in sight!

Vanquished Creatures
  A howler monkey skeleton (D:2)
  2 adders (D:2)
  An ooze (D:1)
  A worm (D:2)
  A dart slug (D:2)
  2 leopard geckos
  2 giant cockroaches (D:1)
  4 hobgoblins
  A quokka (D:2)
  A ball python (D:1)
  4 bats
  3 frilled lizards
  6 goblins
  5 kobolds
  3 rats (D:1)
37 creatures vanquished.

Notes
Turn   | Place    | Note
-------+----------+-------------------------------------------
     0 | D:1      | jiml777 the Demonspawn Air Elementalist began the quest for
                  | the Orb.
     0 | D:1      | Reached XP level 1. HP: 13/13 MP: 3/3
   328 | D:1      | Reached skill level 3 in Air Magic
   334 | D:1      | Gained mutation: You have a pair of small horns on your
                  | head. [demonic ancestry]
   334 | D:1      | Reached XP level 2. HP: 19/19 MP: 0/5
   529 | D:1      | Learned a level 2 spell: Swiftness
  1159 | D:2      | Reached XP level 3. HP: 23/24 MP: 2/6
  1163 | D:2      | Learned a level 3 spell: Static Discharge
  1424 | D:2      | Found a faded altar of an unknown god.
  1809 | D:2      | Gained mutation: You sometimes gain a little power by
                  | taking damage. [demonic ancestry]
  1809 | D:2      | Reached XP level 4. HP: 16/30 MP: 2/8
  1979 | D:2      | Noticed Sigmund
  2032 | D:2      | HP: 1/30 [something/magic dart (9)]
  2082 | D:2      | Slain by Sigmund

Illustrated notes

Levels and vault maps discovered:
D:1:      dpeg_arrival_lava_temple_mockup, layout_loops_ring
D:2:      layout_loops_ring, chequers_ecumenical_altar_simple_redux,
          minmay_misc_feat_chi, uniq_sigmund

Skill      XL: |  1  2  3 |
---------------+----------+-----
Dodging        | 2 |  2.2
Air Magic      | 3 |  3.4
Stealth        | 2 |  2.2
Spellcasting   | |  2.6
Conjurations   | |  1.4

Action                   |  1- 3 |  4- 6 || total
-------------------------+-------+-------++-------
Melee: Short sword       |     3 |       ||     3
       Dagger            |    10 |       ||    10
       Headbutt          |     1 |       ||     1
 Cast: Shock             |    66 |     4 ||    70
Armor: Robe              |     6 |       ||     6
Dodge: Dodged            |    21 |     4 ||    25
